 Dungeon Crawl Stone Soup version 0.20.1-1-g8b1a95d (webtiles) character file.

733 letownia2 the Reanimator (level 7, 27/55 HPs)
             Began as a Deep Dwarf Necromancer on Nov 4, 2017.
             Quit the game on level 6 of the Dungeon.
             The game lasted 00:10:18 (3416 turns).

letownia2 the Reanimator (Deep Dwarf Necromancer)   Turns: 3416, Time: 00:10:18

Health: 27/55      AC:  6    Str: 12    XL:     7   Next: 45%
Magic:  14/21      EV: 11    Int: 17    God:
Gold:   147        SH:  0    Dex: 13    Spells: 9/13 levels left

rFire    . . .     SeeInvis .   a - staff of poison
rCold    . . .     Gourm    .   (no shield)
rNeg     . . .     Faith    .   d - +0 ring mail
rPois    +         Spirit   .   (no helmet)
rElec    .         Reflect  .   (no cloak)
rCorr    .         Harm     .   t - +0 pair of gloves
MR       ++...                  (no boots)
Stlth    +.........             (no amulet)
Regen    0.0/turn               u - ring of protection from magic
MPRegen  0.2/turn               y - ring of magical power

@: non-regenerating, drained
A: damage resistance, heal wounds, sense surroundings 1, no regeneration
a: Heal Wounds


You were on level 6 of the Dungeon.
You were not hungry.

You visited 1 branch of the dungeon, and saw 6 of its levels.

You collected 147 gold pieces.

Inventory:

Hand Weapons
 k - a +0 hand axe
 x - a +0 dagger
Missiles
 z - 15 poisoned needles
Armour
 d - a +0 ring mail (worn)
 f - a +0 leather armour
 g - a +0 robe
 n - a +0 scale mail
 q - a +0 chain mail
 t - a +0 pair of gloves (worn)
Magical Staves
 a - an uncursed staff of poison (weapon)
Jewellery
 u - a ring of protection from magic (left hand)
 w - an uncursed ring of ice
 y - a ring of magical power (right hand)
Scrolls
 l - 2 scrolls of remove curse
 o - 3 scrolls of identify {unknown}
 r - a scroll of amnesia {unknown}
 s - a scroll of fear {unknown}
 v - a scroll of magic mapping {unknown}
 A - a scroll of enchant weapon {unknown}
 E - a scroll of teleportation {unknown}
Potions
 e - 2 potions of lignification {unknown}
 h - a potion of agility {unknown}
 i - 2 potions of curing {unknown}
 m - a potion of mutation {unknown}
 p - a potion of degeneration {unknown}
 B - 2 potions of ambrosia {unknown}
 C - 2 potions of cancellation {unknown}
Books
 b - a book of Necromancy

   Spells                             Type                      Level
   a - Pain                           Necromancy                   1
   b - Animate Skeleton               Necromancy                   1
   c - Vampiric Draining              Necromancy                   3
   d - Regeneration                   Charms/Necromancy            3
   e - Animate Dead                   Necromancy                   4
   f - Control Undead                 Necromancy                   4
 D - a book of Changes

   Spells                             Type                      Level
   a - Beastly Appendage              Transmutation                1
   b - Sticks to Snakes               Transmutation                2
   c - Spider Form                    Transmutation/Poison         3
   d - Ice Form                       Ice/Transmutation            4
   e - Blade Hands                    Transmutation                5
Comestibles
 c - 3 bread rations
 j - 2 meat rations
 F - 2 chunks of flesh


   Skills:
 + Level 3.8(3.3) Armour
 - Level 2.1(1.7) Dodging
 - Level 2.4(1.9) Stealth
 + Level 3.7(3.2) Spellcasting
 + Level 8.1(7.5) Necromancy


You had 9 spell levels left.
You knew the following spells:

 Your Spells              Type           Power        Failure   Level  Hunger
a - Pain                  Necr           ####         1%          1    None
v - Vampiric Draining     Necr           ####......   4%          3    ###....


Dungeon Overview and Level Annotations

Branches:
Dungeon (6/15)
 Temple: D:4-7

Altars:
Cheibriados
Hepliaklqana
Makhleb
Okawaru
Vehumet
Xom

Portals:
Ossuary: D:6

Annotations:
D:6 Blork the orc


Innate Abilities, Weirdness & Mutations

You are resistant to damage.
You can heal yourself by infusing magical energy.
You passively map a small area around you.
You do not regenerate.


Message History

The wight hits you with a falchion.
You feel drained.
The gnoll sergeant hits you from afar with a trident!
A wight comes into view. It is wielding a halberd.
Blork the orc comes into view.
He is wielding a glaive.
Blork the orc shouts!
Blork the orc gestures wildly while chanting.
Blork the orc seems to speed up.
The howler monkey hoots and howls with incredible vigour!
Found 4 fruits. 2 wights come into view.
A killer bee zombie comes into view.
You hit the killer bee zombie.
The killer bee zombie is lightly damaged.
The killer bee zombie hits you but does no damage.
The wight hits you with a falchion.
You feel drained. The gnoll sergeant closely misses you.
The killer bee zombie hits you.
The howler monkey hoots and howls with incredible vigour!
Put on which piece of jewellery? (? for menu, Esc to quit)
Okay, then.
Are you sure you want to abandon this character and quit the game? (Confirm with "yes".)

##>..##* , #...###..o#.
#.....##* ##...#)#..... *
.......## ##.#.h###...#o
,
........####..........z.z
........'..o.o...hz.....z
........####...##o###..#*
.......## ##.###g# ,* ,
#.....## #####z# *
##...## #.Z@.# *, , ##+##
#.#### * # , * * * ## ..#
,* ... ,.. , #.#.#.#


You could see an orc warrior, a gnoll sergeant, a howler monkey, 2 wights and a
killer bee zombie.

Vanquished Creatures
  3 ogres
  2 howler monkeys
  2 hounds (D:4)
  5 orc wizards
  2 orc priests
  An iguana (D:4)
  A worker ant (D:4)
  A hound zombie (D:5)
  A hound skeleton (D:5)
  A howler monkey skeleton (D:5)
  2 adders
  3 adder skeletons
  A dart slug (D:1)
  A leopard gecko (D:1)
  6 orcs
  4 bats
  2 giant cockroaches
  4 goblins
  2 hobgoblins
  A quokka (D:5)
  3 ball pythons
  3 frilled lizards
  4 kobolds
  3 rats
58 creatures vanquished.

Notes
Turn   | Place    | Note
-------+----------+-------------------------------------------
     0 | D:1      | letownia2 the Deep Dwarf Necromancer began the quest for the Orb.
     0 | D:1      | Reached XP level 1. HP: 15/15 MP: 3/3
   241 | D:1      | Reached XP level 2. HP: 22/22 MP: 3/5
   517 | D:2      | Reached skill level 5 in Necromancy
   519 | D:2      | Reached XP level 3. HP: 28/28 MP: 0/6
   580 | D:2      | Learned a level 3 spell: Vampiric Draining
  1028 | D:3      | Reached XP level 4. HP: 29/36 MP: 5/7
  1188 | D:3      | Reached skill level 6 in Necromancy
  1253 | D:4      | Noticed an ogre
  1261 | D:4      | Killed an ogre
  1261 | D:4      | Reached XP level 5. HP: 8/42 MP: 0/8
  1473 | D:4      | Reached skill level 7 in Necromancy
  1615 | D:4      | Reached skill level 1 in Armour
  1753 | D:4      | Found a snail-covered altar of Cheibriados.
  1755 | D:4      | Found an iron altar of Okawaru.
  1758 | D:4      | Found a radiant altar of Vehumet.
  2039 | D:4      | Reached XP level 6. HP: 42/49 MP: 0/10
  2239 | D:5      | Entered Level 5 of the Dungeon
  2603 | D:5      | Reached XP level 7. HP: 13/55 MP: 0/11
  2635 | D:5      | Found a burning altar of Makhleb.
  3144 | D:5      | Found a hazy altar of Hepliaklqana.
  3146 | D:5      | Found a shimmering altar of Xom.
  3147 | D:5      | Noticed a spectral ugly thing
  3167 | D:5      | Found a burning altar of Makhleb.
  3169 | D:5      | Noticed a blizzard demon
  3323 | D:6      | Found a sand-covered staircase.
  3354 | D:6      | Reached skill level 8 in Necromancy
  3411 | D:6      | Noticed Blork the orc
  3416 | D:6      | Quit the game

Skill      XL: |  1  2  3  4  5  6  7 |
---------------+----------------------+-----
Spellcasting   | 2 3 |  3.7
Necromancy     | 5 6 7 8 |  8.1
Armour         | 1 3 |  3.8
Dodging        | |  2.1
Stealth        | |  2.4

Action                   |  1- 3 |  4- 6 |  7- 9 || total
-------------------------+-------+-------+-------++-------
Melee: Unarmed           |     3 |       |       ||     3
       Dagger            |     3 |    35 |       ||    38
       Staff             |       |       |    28 ||    28
 Cast: Pain              |    37 |    39 |     8 ||    84
       Vampiric Draining |       |    18 |    14 ||    32
  Use: Scroll            |       |     1 |       ||     1
  Eat: Chunk             |     1 |     4 |     4 ||     9
       Fruit             |       |     1 |       ||     1
       Royal jelly       |       |     1 |       ||     1
Armor: Leather armour    |    17 |     1 |       ||    18
       Ring mail         |       |    21 |    19 ||    40
Dodge: Dodged            |    14 |    40 |    27 ||    81
